 Dungeon Crawl Stone Soup version 0.19.1 (webtiles) character file.

94 Monsterracer the Digger (level 4, 0/24 HPs)
             Began as a Gargoyle Earth Elementalist on Nov 24, 2016.
             Was an Initiate of Ashenzari.
             Slain by an orc
             ... wielding a +0 short sword
              (3 damage)
             ... on level 2 of the Dungeon.
             The game lasted 00:10:07 (2217 turns).

Monsterracer the Digger (GrEE)                      Turns: 2217, Time: 00:10:08

Health: 0/24       AC:  6    Str: 12    XL:     4   Next: 63%
Magic:  4/7        EV: 11    Int: 16    God:    Ashenzari [......]
Gold:   118        SH:  0    Dex: 10    Spells: 2 memorised, 4 levels left

rFire  . . .     SeeInvis .     n - +0 mace (curse)
rCold  . . .     Gourm    .     f - +0 leather armour
rNeg   + . .     Faith    .     (no shield)
rPois  ∞         Spirit   .     (no helmet)
rElec  +         Reflect  .     (no cloak)
rCorr  .         Harm     .     (no gloves)
MR     .....                    (no boots)
Stlth  ++........               (no amulet)
                                (no ring)
                                (no ring)

@: no status effects
A: negative energy resistance 1, electricity resistance, unbreathing,
petrification resistance, rot immunity, AC +3
a: Curse Item, Renounce Religion


You were on level 2 of the Dungeon.
You worshipped Ashenzari.
Ashenzari was noncommittal.
You were not hungry.

You visited 1 branch of the dungeon, and saw 3 of its levels.

You collected 118 gold pieces.

Inventory:

Hand Weapons
 n - a cursed +0 mace (weapon)
Armour
 c - a +0 ring mail
 f - a +0 leather armour (worn)
Scrolls
 a - a scroll of remove curse
 b - a scroll of immolation {unknown}
 g - 4 scrolls of identify {unknown}
 h - a scroll of enchant armour {unknown}
 i - 2 scrolls of teleportation {unknown}
Books
 e - a book of Geomancy

   Spells                             Type                      Level
   a - Sandblast                      Earth                        1
   b - Passwall                       Transmutation/Earth          2
   c - Stone Arrow                    Conjuration/Earth            3
   d - Petrify                        Transmutation/Earth          4
   e - Lee's Rapid Deconstruction     Earth                        5
Comestibles
 d - 3 bread rations
 j - a beef jerky
 k - 3 fruits
 l - a meat ration
 m - 3 chunks of flesh


   Skills:
 * Level 2.4 Maces & Flails
 + Level 0.0 Armour
 - Level 1.5 Dodging
 - Level 2.1 Stealth
 + Level 2.6 Spellcasting
 * Level 1.4 Conjurations
   Level 0.7 Transmutations
 * Level 4.3 Earth Magic


You had 4 spell levels left.
You knew the following spells:

 Your Spells              Type           Power        Failure   Level  Hunger
a - Sandblast             Erth           ###...       4%          1    #......
b - Stone Arrow           Conj/Erth      ##....       24%         3    ###....


Dungeon Overview and Level Annotations

Branches:
Dungeon (3/15)

Altars:
Ashenzari
Vehumet

Annotations:
D:3 syranez's ghost, novice OpTm


Innate Abilities, Weirdness & Mutations

You are resistant to torment.
Your stone body is resilient. (AC +3)
You are immune to poison.
You resist negative energy. (rN+)
You are resistant to electric shocks. (rElec)
You can survive without breathing.
You are immune to petrification.
You are immune to rotting.


Message History

Level annotation: syranez's ghost, novice OpTm The orc hits you with a short sword.
Syranez's ghost hits you.
The orc priest mumbles some strange prayers to Beogh against you.
Beogh smites you!
Ouch! That really hurt!
* * * LOW HITPOINT WARNING * * *
There is a stone staircase leading up here.
The orc hits you but does no damage. Syranez's ghost barely misses you.
You climb upwards.
There is a stone staircase leading down, spattered with blood here.
You see here a +0 club.
Casting: Sandblast
Confirm with . or Enter, or press ? or * to list all spells.
Aiming: Stone Arrow
Press: ? - help, Shift-Dir - straight line, f - orc
Aim: an orc, wielding a short sword and wearing a ring mail The stone arrow hits the orc.
The orc is almost dead.
The orc hits you with a short sword.
You die...

#.# ###.#########
####...........#
#######..............# #
####....................# #
#..............(........# #
#.................(.)...#
#######.........o.............#
...............(@.............#
#.#####........).....##########
#.# #..............# #.#
####...........# ).#
############# ..# ..# ..# ..#


You could see an orc.

Vanquished Creatures
  3 adders (D:2)
  An ooze (D:2)
  2 worms (D:2)
  3 dart slugs
  A leopard gecko (D:1)
  2 orcs (D:2)
  4 bats
  A giant cockroach (D:2)
  8 goblins
  3 hobgoblins (D:1)
  2 jackals (D:1)
  10 kobolds
  A quokka (D:2)
  5 frilled lizards
  4 rats
50 creatures vanquished.

Notes
Turn   | Place    | Note
-------+----------+-------------------------------------------
     0 | D:1      | Monsterracer the Gargoyle Earth Elementalist began the quest for the Orb.
     0 | D:1      | Reached XP level 1. HP: 10/10 MP: 3/3
   168 | D:1      | Reached skill level 4 in Earth Magic
   168 | D:1      | Reached XP level 2. HP: 15/15 MP: 0/5
   414 | D:1      | Reached skill level 1 in Maces & Flails
   491 | D:1      | Reached XP level 3. HP: 19/19 MP: 1/6
   543 | D:1      | Learned a level 3 spell: Stone Arrow
   833 | D:2      | Found a shattered altar of Ashenzari.
   850 | D:2      | Became a worshipper of Ashenzari the Shackled
   867 | D:2      | Found a radiant altar of Vehumet.
  1277 | D:2      | Reached skill level 1 in Conjurations
  1277 | D:2      | Reached XP level 4. HP: 18/24 MP: 1/7
  1986 | D:3      | Noticed syranez's ghost (novice OpTm)
  2217 | D:2      | Slain by an orc

Skill      XL: |  1  2  3 |
---------------+----------+-----
Earth Magic    | 4 |  4.3
Maces & Flails | 1 2 |  2.4
Conjurations   | 1 |  1.4
Dodging        | |  1.5
Stealth        | |  2.1
Spellcasting   | |  2.6
Transmutations | |  0.7

Action                   |  1- 3 |  4- 6 || total
-------------------------+-------+-------++-------
Melee: Club              |    78 |    16 ||    94
       Mace              |       |    15 ||    15
 Cast: Sandblast         |    40 |    20 ||    60
       Stone Arrow       |     5 |     6 ||    11
Invok: Curse Item        |       |     1 ||     1
  Use: Potion            |     1 |       ||     1
  Eat: Chunk             |     3 |     3 ||     6
Armor: Robe              |    41 |     8 ||    49
       Leather armour    |       |    13 ||    13
Dodge: Dodged            |    96 |    42 ||   138
